Map: Lightshade LE

Players

Astrea - Winner!

  • Race: Protoss Protoss
  • League: Master

PiLiPiLi

  • Race: Protoss Protoss
  • League: Grandmaster

Event: DreamHack SC2 Masters 2021 Summer

VOD

Have the link to the VOD?

Description

Time

  • Played on: May 28, 2021, 3:40 p.m.
  • Length: 8:21

All games in this series

Show
View Real Time Build Order
Export as new Build Order

Astrea Protoss - Winner!

Build Orders: Phoenix Opening, Blink Stalkers 

Get SALT Encoding   

  12  0:00  Probe  
  13  0:12  Probe  
  14  0:17  Pylon  
  14  0:24  Probe (Chrono Boost)  
  16  0:36  Probe (Chrono Boost), Gateway  
  16  0:43  Probe (Chrono Boost)  
  16  0:45  Assimilator  
  17  0:51  Probe  
  17  0:53  Assimilator  
  18  1:03  Probe (Chrono Boost)  
  19  1:06  Gateway  
  19  1:12  Probe (Chrono Boost)  
  19  1:17  Probe (Chrono Boost)  
  20  1:23  Cybernetics Core  
  21  1:29  Probe  
  22  1:36  Pylon  
  22  1:41  Probe  
  23  1:54  Probe  
  24  1:59  Warp Gate (Chrono Boost)  
  24  2:00  Sentry, Stalker  
  28  2:06  Probe  
  29  2:14  Pylon  
  29  2:19  Probe  
  30  2:26  Pylon  
  30  2:31  Probe  
  30  2:33  Sentry  
  30  2:36  Phoenix  
  35  2:43  Probe  
  36  2:50  Nexus  
  34  2:54  Sentry  
  34  2:55  Probe  
  36  2:59  Shield Battery  
  36  3:07  Probe  
  37  3:13  Twilight Council  
  37  3:19  Probe (Chrono Boost)  
  38  3:20  Phoenix  
  38  3:27  Forge  
  38  3:31  Probe (Chrono Boost)  
  39  3:43  Pylon  
  39  3:49  Blink  
  39  4:01  Protoss Ground Weapons Level 1  
  39  4:02  Probe (Chrono Boost)  
  41  4:06  Probe (Chrono Boost)  
  41  4:11  Probe (Chrono Boost)  
  41  4:14  Shield Battery  
  41  4:15  Probe (Chrono Boost), Stalker  
  41  4:16  Stalker  
  41  4:17  Probe  
  46  4:25  Probe (Chrono Boost)  
  46  4:29  Probe (Chrono Boost)  
  47  4:32  Phoenix  
  47  4:34  Robotics Facility  
  48  4:41  Probe (Chrono Boost)  
  48  4:43  Probe (Chrono Boost)  
  49  4:47  Probe (Chrono Boost), Gateway x2  
  49  4:49  Sentry  
  49  4:51  Probe  
  53  4:55  Probe  
  54  5:03  Probe, Assimilator  
  55  5:07  Probe  
  56  5:14  Phoenix  
  56  5:15  Probe, Pylon  
  56  5:19  Probe  
  58  5:21  Nexus  
  58  5:26  Observer (Chrono Boost)  
  58  5:27  Probe  
  60  5:31  Stalker  
  62  5:37  Stalker  
  62  5:39  Pylon  
  62  5:40  Probe  
  62  5:42  Warp Prism (Chrono Boost)  
  66  5:47  Stalker  
  69  5:53  Pylon  
  69  5:58  Stalker x2  
  69  6:01  Stalker  
  69  6:03  Probe  
  76  6:10  Stalker  
  78  6:12  Pylon  
  78  6:21  Stalker x2  
  78  6:25  Stalker  
  84  6:43  Stalker  
  84  6:44  Stalker  
  86  6:51  Stalker  
  86  6:52  Probe x3  
  81  7:04  Probe x2  
  81  7:05  Probe  
  80  7:12  Stalker x3  
  84  7:16  Probe x2  
  84  7:18  Probe  
  83  7:25  Stalker  
  83  7:28  Probe x2  
  87  7:30  Probe  
  87  7:31  Observer  
  87  7:35  Stalker x3  
  88  7:40  Probe x2  
  88  7:42  Probe  
  89  7:49  Gateway  
  89  7:51  Gateway  
  89  7:55  Gateway  
  89  7:56  Gateway  
  89  7:58  Stalker x2  
  91  7:59  Zealot x2  
  97  8:08  Pylon  
Show
View Real Time Build Order
Export as new Build Order

PiLiPiLi Protoss 

Build Orders: Blink Stalkers 

Get SALT Encoding   

  12  0:00  Probe  
  13  0:12  Probe  
  14  0:18  Pylon  
  14  0:25  Probe (Chrono Boost)  
  15  0:37  Probe (Chrono Boost), Gateway  
  16  0:45  Probe (Chrono Boost)  
  16  0:46  Assimilator  
  17  0:51  Probe  
  17  0:56  Assimilator  
  18  1:03  Probe (Chrono Boost)  
  19  1:09  Gateway  
  19  1:15  Probe (Chrono Boost)  
  20  1:21  Probe (Chrono Boost)  
  20  1:25  Cybernetics Core  
  21  1:29  Probe  
  22  1:40  Pylon  
  22  1:42  Probe  
  23  1:58  Probe  
  23  2:01  Stalker x2, Warp Gate (Chrono Boost)  
  28  2:12  Pylon  
  28  2:14  Probe  
  29  2:27  Probe  
  30  2:32  Sentry  
  34  2:40  Probe  
  32  2:52  Nexus  
  32  2:54  Probe  
  33  3:00  Shield Battery  
  33  3:04  Sentry  
  35  3:06  Probe  
  36  3:18  Probe  
  36  3:19  Pylon  
  37  3:22  Twilight Council  
  37  3:30  Probe  
  38  3:42  Probe (Chrono Boost)  
  38  3:45  Adept x2  
  43  3:53  Blink (Chrono Boost)  
  43  3:54  Probe (Chrono Boost)  
  44  4:01  Probe (Chrono Boost)  
  45  4:04  Probe (Chrono Boost)  
  45  4:08  Phoenix  
  47  4:14  Probe x2 (Chrono Boost)  
  47  4:16  Gateway  
  48  4:19  Probe (Chrono Boost)  
  48  4:21  Probe  
  50  4:30  Probe  
  47  4:32  Stalker  
  47  4:33  Probe, Stalker  
  52  4:42  Nexus  
  52  4:43  Probe  
  52  4:45  Probe  
  54  4:49  Pylon  
  54  4:56  Probe  
  54  4:57  Probe  
  56  5:05  Gateway  
  56  5:06  Gateway  
  56  5:08  Phoenix  
  56  5:09  Probe  
  56  5:12  Stalker  
  56  5:13  Stalker  
  61  5:18  Stalker  
  61  5:19  Probe  
  64  5:21  Probe  
  64  5:23  Assimilator  
  65  5:32  Probe  
  65  5:34  Probe  
  67  5:39  Robotics Facility  
  67  5:43  Stalker  
  67  5:44  Probe, Shield Battery  
  67  5:47  Phoenix  
  70  5:53  Probe, Pylon  
  70  5:56  Gateway  
  71  5:57  Gateway  
  71  5:58  Probe x2  
  71  6:03  Charge (Chrono Boost)  
  73  6:05  Probe  
  73  6:09  Stalker  
  73  6:10  Probe x2, Stalker  
  80  6:18  Probe  
  81  6:19  Gateway  
  81  6:20  Pylon  
  81  6:21  Pylon  
  81  6:22  Pylon  
  81  6:24  Warp Prism (Chrono Boost)  
  82  6:32  Stalker  
  85  6:33  Stalker  
  87  6:41  Stalker x2  
  89  6:54  Stalker x2  
  80  6:59  Stalker  
  74  7:06  Stalker x2  
  70  7:14  Probe x2  
  58  7:16  Stalker  
  58  7:22  Stalker x3  
  55  7:24  Probe  
  55  7:26  Probe  
  55  7:29  Probe  
  49  7:32  Stalker  
  49  7:36  Probe  
  48  7:37  Stalker  
  48  7:42  Stalker  
  48  7:43  Probe  
  51  7:46  Stalker  
  51  7:49  Zealot x2  
  51  7:50  Probe x2 (Chrono Boost)  
  59  7:56  Probe (Chrono Boost)  
  59  7:57  Pylon  
  60  8:02  Probe (Chrono Boost), Zealot x2  
  60  8:03  Probe (Chrono Boost)  
  62  8:07  Probe (Chrono Boost)  
  62  8:10  Zealot x2  
Tags
 
Add a new tag
Caveats
  • Supply blocks, unpowered buildings, or Contaminate may cause inaccurate times.
  • Supply counts are checked every 10 seconds.